 Dungeon Crawl Stone Soup version 0.23.2 (webtiles) character file.

Game seed: 9356709406699407774

2674 Revguard the Cudgeler (level 9, -4/68 HPs)
             Began as a Human Fighter on Apr 2, 2019.
             Was a Priest of Zin.
             Slain by a troll (8 damage)
             ... on level 7 of the Dungeon.
             The game lasted 00:34:35 (6884 turns).

Revguard the Cudgeler (Human Fighter)               Turns: 6884, Time: 00:34:37

Health: -4/68      AC:  8    Str: 21 (22) XL:     9   Next: 95%
Magic:  10/12      EV: 11    Int:  8 (10) God:    Zin [***...]
Gold:   134        SH: 10    Dex: 11 (14) Spells: 8/8 levels left

rFire    . . .     SeeInvis +   a - +1 flail
rCold    . . .     Gourm    .   c - +0 shield
rNeg     . . .     Faith    .   u - +2 leather armour of the Pink Corner {Str+2}
rPois    ∞         Spirit   .   (no helmet)
rElec    .         Reflect  .   (no cloak)
rCorr    .         Harm     .   (no gloves)
MR       .....                  (no boots)
Stlth    +.........             n - amulet of regeneration
HPRegen  0.61/turn              s - ring of flight
MPRegen  0.13/turn              m - +3 ring of protection

@: vitalised
A: see invisible, MP-powered wands
a: Recite, Vitalisation, Imprison, Donate Gold, Renounce Religion, Evoke Flight


You were on level 7 of the Dungeon.
You worshipped Zin.
Zin was most pleased with you.
You were not hungry.

You visited 2 branches of the dungeon, and saw 8 of its levels.
You also visited: Ossuary.

You collected 373 gold pieces.
You donated 239 gold pieces to Zin.

Inventory:

Hand Weapons
 a - a +1 flail (weapon)
Armour
 b - a +0 scale mail
 c - a +0 shield (worn)
 u - the +2 leather armour of the Pink Corner (worn) {Str+2}
   (You found it on level 7 of the Dungeon)

   It affects your strength (+2).
Jewellery
 l - an uncursed ring of protection from cold
 m - a +3 ring of protection (right hand)
 n - an amulet of regeneration (around neck)
 s - a ring of flight (left hand)
Wands
 i - a wand of flame (24)
Scrolls
 h - 2 scrolls of enchant weapon
 k - a scroll of amnesia
 o - 2 scrolls of fog
 p - a scroll of blinking
 q - a scroll of enchant armour {unknown}
 t - a scroll of holy word {unknown}
 v - a scroll of fear {unknown}
Potions
 e - 6 potions of haste
 g - 5 potions of curing
 j - a potion of lignification
 r - 3 potions of ambrosia
Comestibles
 d - 4 chunks of flesh
 f - 10 rations


   Skills:
 + Level 5.3 Fighting
 + Level 7.0 Maces & Flails
 + Level 5.6 Armour
 + Level 3.8 Dodging
 + Level 5.7 Shields
 * Level 5.0 Invocations
 + Level 3.2 Evocations


You had 8 spell levels left.
You didn't know any spells.
Your spell library was empty.

Dungeon Overview and Level Annotations

Branches:
Dungeon (7/15)             Temple (1/1) D:5

Altars:
Ashenzari
Dithmenos
Elyvilon
Fedhas
Gozag
Hepliaklqana
Makhleb
Nemelex Xobeh
Okawaru
Qazlal
Ru
Sif Muna
Trog
Vehumet
Xom
Yredelemnul
Zin
The Shining One

Annotations:
D:7 3 runed translucent doors, Kisielow's ghost, novice GrFi


Innate Abilities, Weirdness & Mutations

You have supernaturally acute eyesight. (SInv)
You expend magic power (3 MP) to strengthen your wands.


Message History

"...the fetid masses that they may know..."
The orc is confused by your recitation.
The orc shouts!
The troll bites you! The troll claws you but does no damage.
You block the troll's attack.
You hit the troll.
The troll is lightly wounded. "...the wrath of Zin, and thus be ousted!"
The orc priest is limned with silver light.
You finish reciting Abominations 10:70.
The troll bites you! The troll claws you! x2
The orc priest casts a cantrip, but nothing happens.
You closely miss the troll.
The troll is lightly wounded.
The troll barely misses you. The troll claws you!
* * * LOW HITPOINT WARNING * * *
The troll completely misses you. The troll bites you!
* * * LOW HITPOINT WARNING * * *
You block the troll's attack. The troll claws you!
You die...

##...............#
##...(........####.
##.................
##............##..
##............# .
##.########..##
##.# ##.## ...#
#..#####.# ...#
#..oT@...# ...#
##o#####.#
...##########..#
...............##
#...............#
#.............#.#
#.............#.##
...........#.T#
.(.........##o##


You could see a troll, an orc priest and an orc.

Vanquished Creatures
  Menkaure (D:7)
  A sky beast (D:7)
  3 ogres
  2 ice beasts
  A big kobold (D:7)
  2 bullfrogs
  4 killer bees
  A howler monkey (D:6)
  A crimson imp (D:7)
  3 centaur zombies (Ossuary)
  A jelly (D:6)
  5 orc priests
  4 hounds
  2 bullfrog skeletons
  A centaur skeleton (D:6)
  11 orc wizards
  8 worker ants
  3 big kobold zombies (Ossuary)
  6 mummies (Ossuary)
  A hound skeleton (D:5)
  2 gnolls (D:5)
  A howler monkey skeleton (D:7)
  6 adders
  A shadow imp (D:6)
  2 oozes
  3 adder skeletons
  An adder zombie (D:7)
  2 worms
  6 dart slugs
  5 leopard geckos
  21 orcs
  7 bats
  2 giant cockroaches (D:1)
  2 gnoll zombies (D:4)
  4 goblins
  7 hobgoblins
  21 jackals
  7 kobolds
  6 frilled lizards
  5 hobgoblin zombies (Ossuary)
  A leopard gecko skeleton (D:4)
  A leopard gecko zombie (D:7)
  3 rats
177 creatures vanquished.

Vanquished Creatures (collateral kills)
  2 killer bees
  A howler monkey (D:5)
3 creatures vanquished.

Vanquished Creatures (others)
  An ice beast (D:5)
  A worker ant (D:4)
2 creatures vanquished.

Grand Total: 182 creatures vanquished

Notes
Turn   | Place    | Note
-------+----------+-------------------------------------------
     0 | D:1      | Revguard the Human Fighter began the quest for the Orb.
     0 | D:1      | Reached XP level 1. HP: 18/18 MP: 1/1
    88 | D:1      | Reached XP level 2. HP: 24/24 MP: 2/2
   254 | D:1      | Reached XP level 3. HP: 22/29 MP: 3/3
   683 | D:1      | Gained mutation: Armour fits poorly on your strangely
                  | shaped body. [potion of mutation]
   683 | D:1      | Gained mutation: You occasionally shout uncontrollably at
                  | your foes. [potion of mutation]
   683 | D:1      | Gained mutation: Your natural rate of healing is unusually
                  | fast. [potion of mutation]
   684 | D:1      | Lost mutation: You occasionally shout uncontrollably at
                  | your foes. [potion of mutation]
   684 | D:1      | Lost mutation: Your natural rate of healing is unusually
                  | fast. [potion of mutation]
   684 | D:1      | Lost mutation: Armour fits poorly on your strangely shaped
                  | body. [potion of mutation]
   684 | D:1      | Gained mutation: You expend magic power (3 MP) to
                  | strengthen your wands. [potion of mutation]
   684 | D:1      | Gained mutation: You have supernaturally acute eyesight.
                  | (SInv) [potion of mutation]
   771 | D:2      | Reached skill level 1 in Dodging
   771 | D:2      | Reached XP level 4. HP: 32/35 MP: 4/4
  1509 | D:3      | Noticed an ice beast
  1521 | D:3      | Killed an ice beast
  1521 | D:3      | Reached skill level 3 in Maces & Flails
  1521 | D:3      | Reached XP level 5. HP: 41/41 MP: 5/5
  2232 | D:4      | Reached XP level 6. HP: 45/47 MP: 6/6
  2268 | D:4      | Found a white marble altar of Elyvilon.
  2288 | D:4      | Became a worshipper of Elyvilon the Healer
  2334 | D:4      | Noticed an ogre
  2340 | D:4      | Killed an ogre
  2340 | D:4      | Reached skill level 1 in Evocations
  2383 | D:4      | Reached skill level 4 in Maces & Flails
  2432 | D:4      | Reached XP level 7. HP: 13/53 MP: 8/8
  3003 | D:4      | Reached skill level 1 in Invocations
  3174 | D:4      | Found a hazy altar of Hepliaklqana.
  3330 | D:4      | Found a basalt altar of Yredelemnul.
  3346 | D:5      | Entered Level 5 of the Dungeon
  3362 | D:4      | Reached XP level 8. HP: 15/60 MP: 0/9
  3651 | D:5      | Found a staircase to the Ecumenical Temple.
  3690 | Temple   | Entered the Ecumenical Temple
  3702 | Temple   | Reached skill level 5 in Maces & Flails
  4268 | Temple   | Fell from the grace of Elyvilon
  4268 | Temple   | Became a worshipper of Zin the Law-Giver
  4268 | Temple   | Reached * piety under Zin
  4269 | Temple   | Donated 105 gold pieces to Zin
  5063 | D:5      | Found a burning altar of Makhleb.
  5125 | D:5      | Reached ** piety under Zin
  5193 | D:5      | Found an iron altar of Okawaru.
  5527 | D:6      | Reached skill level 5 in Armour
  5529 | D:6      | HP: 2/61 [orc priest/+0 trident (6)]
  5531 | D:6      | Reached XP level 9. HP: 6/66 MP: 11/11
  5572 | D:6      | Reached skill level 5 in Shields
  5687 | D:6      | Reached skill level 6 in Maces & Flails
  5850 | D:6      | Found a stormy altar of Qazlal.
  6232 | D:7      | Found a runed translucent gate.
  6232 | D:7      | Found a runed translucent gate.
  6232 | D:7      | Found a runed translucent gate.
  6232 | D:7      | Noticed Kisielow's ghost (novice GrFi)
  6271 | D:7      | Reached skill level 5 in Fighting
  6301 | D:7      | Found a sand-covered staircase.
  6334 | Ossuary  | Entered an ossuary
  6688 | D:7      | Reached *** piety under Zin
  6721 | D:7      | Donated 97 gold pieces to Zin
  6730 | D:7      | Noticed Menkaure
  6760 | D:7      | Killed Menkaure
  6794 | D:7      | Reached skill level 5 in Invocations
  6805 | D:7      | Reached skill level 7 in Maces & Flails
  6818 | D:7      | Got an ichor-stained leather armour
  6830 | D:7      | Identified the +2 leather armour of the Pink Corner {Str+2}
                  | (You found it on level 7 of the Dungeon)
  6864 | D:7      | Noticed a troll
  6884 | D:7      | Slain by a troll

Skill      XL: |  1  2  3  4  5  6  7  8  9 |
---------------+----------------------------+-----
Dodging        | 1 2 3 |  3.8
Maces & Flails | 3 4 5 7 |  7.0
Shields        | 4 5 |  5.7
Evocations     | 1 2 3 |  3.2
Armour         | 4 5 |  5.6
Fighting       | 4 5 |  5.3
Invocations    | 1 3 5 |  5.0

Action                   |  1- 3 |  4- 6 |  7- 9 || total
-------------------------+-------+-------+-------++-------
Melee: Flail             |   111 |   156 |   488 ||   755
Invok: Recite            |       |       |    22 ||    22
       Vitalisation      |       |       |     5 ||     5
       Donate Gold       |       |       |     2 ||     2
Evoke: Wand              |       |     3 |    21 ||    24
  Use: Scroll            |     2 |     9 |     6 ||    17
       Potion            |     2 |     2 |     8 ||    12
 Stab: Paralysed         |       |       |    11 ||    11
       Confused          |       |       |     5 ||     5
  Eat: Chunk             |       |     5 |     9 ||    14
       Ration            |       |       |     2 ||     2
Armor: Scale mail        |    76 |    87 |   259 ||   422
       Skin              |       |       |     9 ||     9
       Leather armour    |       |       |     2 ||     2
Dodge: Dodged            |    49 |    65 |   260 ||   374
Block: Shield            |    67 |    77 |   367 ||   511
